 Dungeon Crawl Stone Soup version 0.17-a0-1397-g0eee0a3 (webtiles) character file.

88 Volodja the Covert (level 4, -7/29 HPs)
             Began as an Octopode Assassin on June 17, 2015.
             Mangled by a gnoll
             ... wielding a +0 flail
              (9 damage)
             ... on level 2 of the Dungeon.
             The game lasted 00:03:46 (1350 turns).

Volodja the Covert (Octopode Assassin)              Turns: 1350, Time: 00:03:46

Health: -7/29      AC:  1    Str: 10    XL:     4   Next: 54%
Magic:  4/4        EV: 12    Int: 13    God:
Gold:   77         SH:  0    Dex: 14    Spells: 0 memorised, 3 levels left

rFire  . . .     SeeInvis .     a - +2 dagger
rCold  . . .     Clarity  .     (no shield)
rNeg   . . .     SustAt   .     (helmet restricted)
rPois  .         Gourm    .     (no amulet)
rElec  .         Spirit   .     (no ring)
rCorr  .         Warding  .     (no ring)
rMut   .         Stasis   .     (no ring)
MR     .....                    (no ring)
Stlth  +++++.....               (no ring)
                                (no ring)
                                (no ring)
                                (no ring)

@: not resistant to hostile enchantments, quite stealthy
A: almost no armour, amphibious, 8 rings, constrict 8, camouflage 1, gelatinous
body 1
a: no special abilities


You were on level 2 of the Dungeon.
You were not hungry.

You visited 1 branch of the dungeon, and saw 2 of its levels.

You collected 77 gold pieces.

Inventory:

Hand weapons
 a - a +2 dagger (weapon)
 b - a +0 blowgun
Scrolls
 f - a scroll of recharging {unknown}
 g - a scroll of random uselessness {unknown}
 h - 3 scrolls of identify {unknown}
 l - 2 scrolls of teleportation {unknown}
Potions
 i - a potion of haste {unknown}
 j - a potion of lignification {unknown}
 k - a potion of heal wounds {unknown}
 m - a potion of curing {unknown}
Comestibles
 e - a bread ration
 n - 2 chunks of flesh


   Skills:
 - Level 2.0 Fighting
 - Level 2.0 Short Blades
 - Level 2.0 Throwing
 - Level 1.0 Dodging
 + Level 8.1 Stealth


You had 3 spell levels left.
You didn't know any spells.

Dungeon Overview and Level Annotations

Branches:
Dungeon (2/15)

Altars:


Innate Abilities, Weirdness & Mutations

You cannot wear most types of armour.
You are amphibious.
You can wear up to eight rings at the same time.
You can use your tentacles to constrict eight enemies at once.
Your skin changes colour to match your surroundings (Stealth).
Your rubbery body absorbs attacks (AC +1).


Message History

Press: ? - help, Shift-Dir - straight line, f/p - gnoll
Aim: a gnoll, wielding a flail You shoot a curare-tipped needle.
The curare-tipped needle closely misses the gnoll.
a - a +2 dagger (weapon)
The gnoll hits you with a flail!
You barely miss the gnoll. You grab the gnoll.
You constrict the gnoll, but do no damage.
The gnoll barely misses you.
You hit the gnoll.
The gnoll is lightly wounded.
You constrict the gnoll. You hit the gnoll.
The gnoll is heavily wounded.
You constrict the gnoll. The gnoll hits you with a flail!
* * * LOW HITPOINT WARNING * * *
You hit the gnoll.
The gnoll is severely wounded.
You constrict the gnoll. The gnoll hits you with a flail!
You die...

#.# #.# ##+# #.# #.# ##...## #.#
#.## ##.....## ###.# #...
##.......## ##.#.### ##.##
#.........####......########....
+........().....................
#.........####...##.#######....#
#.......## ##@###.# #.#...
##.....## ##g...# #†#### ##...##
#.#### #.# ##'## #.# #.# #.# #.#
#.# #.# #.# #####.### ##.# #$#
#......># ###...#########.#
#.###.#.# (((....(.....##.# #.#
#.#.#


You could see a gnoll.

Vanquished Creatures
  3 gnolls (D:2)
  3 oozes
  2 worms (D:2)
  4 bats
  5 giant cockroaches
  3 hobgoblins
  A quokka (D:2)
  4 goblins (D:1)
  3 jackals (D:2)
  11 kobolds (D:1)
  5 rats
44 creatures vanquished.

Notes
Turn   | Place    | Note
--------------------------------------------------------------
     0 | D:1      | Volodja the Octopode Assassin began the quest for the Orb.
     0 | D:1      | Reached XP level 1. HP: 14/14 MP: 1/1
    60 | D:1      | Reached skill level 6 in Stealth
    60 | D:1      | Reached XP level 2. HP: 17/19 MP: 2/2
   481 | D:1      | Reached XP level 3. HP: 17/24 MP: 3/3
   836 | D:2      | Reached skill level 7 in Stealth
  1154 | D:2      | Reached XP level 4. HP: 15/29 MP: 4/4
  1337 | D:2      | Reached skill level 8 in Stealth
  1350 | D:2      | Mangled by a gnoll

Vault maps used:
D:1:      scummos_arrival_star, serial_bayou_pond_c
D:2:      first_bread, uniq_natasha

Action                   |  1- 3 |  4- 6 || total
-------------------------+-------+-------++-------
Melee: Dagger            |    58 |     5 ||    63
 Fire: Blowgun           |       |    12 ||    12
 Stab: Sleeping          |    18 |       ||    18
       Distracted        |       |     1 ||     1
  Eat: Chunk             |     1 |       ||     1
